 Dungeon Crawl Stone Soup version 0.19.0-16-g73b5abf (webtiles) character file.

1661 Leibowitz the Spear-Bearer (level 9, -1/68 HPs)
             Began as a Merfolk Gladiator on Nov 10, 2016.
             Was an Initiate of Okawaru.
             Slain by a hill giant
             ... wielding a +0 giant club
              (34 damage)
             ... on level 6 of the Dungeon.
             The game lasted 00:22:47 (6844 turns).

Leibowitz the Spear-Bearer (Merfolk Gladiator)      Turns: 6844, Time: 00:22:48

Health: -1/68      AC:  5    Str: 15 (18) XL:     9   Next: 0%
Magic:  9/9        EV: 15    Int:  6 (7)  God:    Okawaru [......]
Gold:   239        SH:  0    Dex: 14 (15) Spells: 0 memorised, 8 levels left

rFire  . . .     SeeInvis +     a - +1 trident
rCold  . . .     Gourm    .     b - +0 leather armour
rNeg   . . .     Faith    +     (no shield)
rPois  .         Spirit   .     c - +1 helmet
rElec  .         Reflect  .     (no cloak)
rCorr  .         Harm     .     (no gloves)
MR     .....                    (no boots)
Stlth  ++........               v - amulet of faith
                                n - ring of see invisible
                                (no ring)

@: no status effects
A: change form in water, swift swim, stealthy swim, clumsy 1, deterioration 1,
strong 1
a: Renounce Religion


You were on level 6 of the Dungeon.
You worshipped Okawaru.
Okawaru was noncommittal.
You were not hungry.

You visited 2 branches of the dungeon, and saw 7 of its levels.
You also visited: Ossuary.

You collected 239 gold pieces.

Inventory:

Hand Weapons
 a - a +1 trident (weapon)
 G - a +0 halberd of flaming
Missiles
 d - 9 throwing nets (quivered)
 i - 5 needles of sleeping
Armour
 b - a +0 leather armour (worn)
 c - a +1 helmet (worn)
Jewellery
 n - a ring of see invisible (right hand)
 v - an amulet of faith (around neck)
 B - an uncursed amulet of regeneration
Wands
 j - a wand of slowing (21/48)
 q - a wand of confusion (28/48)
 A - a wand of polymorph (8/24)
 F - a wand of flame (21/48)
Scrolls
 e - a scroll of fear
 g - 2 scrolls of remove curse
 k - 7 scrolls of identify
 y - 2 scrolls of teleportation
Potions
 l - a potion of cancellation
 m - 2 potions of haste
 p - a potion of heal wounds
 w - 4 potions of curing {unknown}
 D - 3 potions of lignification
 J - a potion of flight
Books
 h - a book of Cantrips

   Spells                             Type                      Level
   a - Confusing Touch                Hexes                        1
   b - Animate Skeleton               Necromancy                   1
   c - Summon Small Mammal            Summoning                    1
   d - Apportation                    Translocation                1
 E - a book of Minor Magic

   Spells                             Type                      Level
   a - Magic Dart                     Conjuration                  1
   b - Blink                          Translocation                2
   c - Call Imp                       Summoning                    2
   d - Repel Missiles                 Charms/Air                   2
   e - Slow                           Hexes                        2
   f - Conjure Flame                  Conjuration/Fire             3
   g - Mephitic Cloud                 Conjuration/Poison/Air       3
Comestibles
 f - 8 bread rations
 o - 3 fruits
 t - 5 meat rations


   Skills:
 + Level 5.0 Fighting
 + Level 11.2 Polearms
 + Level 2.4 Throwing
 + Level 2.6 Armour
 + Level 6.8 Dodging
 + Level 4.2 Stealth
 + Level 0.6 Evocations


You had 8 spell levels left.
You didn't know any spells.

Dungeon Overview and Level Annotations

Branches:
Dungeon (6/15)             Temple (1/1) D:6

Altars:
Ashenzari
Cheibriados
Dithmenos
Elyvilon
Fedhas
Gozag
Hepliaklqana
Kikubaaqudgha
Makhleb
Nemelex Xobeh
Okawaru
Ru
Sif Muna
Trog
Uskayaw
Vehumet
Xom
Yredelemnul
Zin
The Shining One

Annotations:
D:6 IcyTea's ghost, novice OgHu


Innate Abilities, Weirdness & Mutations

You revert to your normal form in water.
You are very nimble and swift while swimming.
You are very stealthy in the water. (Stealth+)
You are clumsy. (Dex -2)
Your body sometimes deteriorates upon taking damage.
Your muscles are strong. (Str +2)


Message History

The hill giant is moderately wounded.
You hit the hill giant.
The hill giant is heavily wounded.
The hill giant hits you but does no damage.
You hit the hill giant.
The hill giant is heavily wounded.
You hit the hill giant.
The hill giant is heavily wounded.
The hill giant misses you.
You barely miss the hill giant.
The hill giant is heavily wounded.
The hill giant hits you with a giant club!!
Your body deteriorates!
You feel dopey.
You hit the hill giant.
The hill giant is heavily wounded.
You puncture the hill giant!
The hill giant is severely wounded.
The hill giant hits you with a giant club!!
Ouch! That really hurt!
You die...

#...#.......#.###.###.##.#
..).........#.........##.#
....#..................#.######
.#.###.#.##.#.#####...........#
.#.# #...##.#.# #....######.#
.#.#######....# #...##
....#####.#.#.## #..#### #
...............####..###...
.##.#####.#.#...@C.......#
###.# ##...######..##..# #..
##.## #.#.#..# ##.# #.#
#..##..######## .# #.#
#......#....... .#
#.#######......).###### .#
#..............########
####...................
#.###.......##.####.


You could see a hill giant.

Vanquished Creatures
  An ice beast (D:5)
  2 phantoms
  Blork the orc (D:5)
  3 bullfrogs (D:6)
  3 scorpions
  A centaur zombie (D:5)
  A crimson imp (D:6)
  A bullfrog zombie (D:5)
  A jelly (D:6)
  3 hounds
  A gnoll shaman (D:4)
  An iguana (D:4)
  3 orc wizards (D:3)
  4 worker ants
  5 big kobold zombies (Ossuary)
  6 mummies (Ossuary)
  A worker ant zombie (D:5)
  13 gnolls
  11 adders
  3 worms
  A dart slug (D:1)
  6 leopard geckos
  14 orcs
  2 ball pythons
  5 giant cockroaches
  5 goblins
  8 hobgoblins
  5 jackals
  5 quokkas
  8 bats
  5 frilled lizards
  4 hobgoblin zombies (Ossuary)
  6 kobolds
  A quokka skeleton (D:4)
  A quokka zombie (D:4)
  6 rats
  A rat zombie (D:4)
148 creatures vanquished.

Notes
Turn   | Place    | Note
-------+----------+-------------------------------------------
     0 | D:1      | Leibowitz the Merfolk Gladiator began the quest for the Orb.
     0 | D:1      | Reached XP level 1. HP: 16/16 MP: 1/1
    79 | D:1      | Reached XP level 2. HP: 19/22 MP: 2/2
   908 | D:1      | Reached skill level 5 in Polearms
   997 | D:2      | Reached XP level 3. HP: 27/27 MP: 3/3
  1873 | D:3      | Reached skill level 1 in Stealth
  1964 | D:3      | Reached XP level 4. HP: 33/33 MP: 4/4
  2270 | D:3      | Found a burning altar of Makhleb.
  2270 | D:3      | Noticed a balrug
  2332 | D:3      | Reached skill level 1 in Armour
  2400 | D:3      | Reached skill level 6 in Polearms
  2400 | D:3      | Reached XP level 5. HP: 37/39 MP: 5/5
  3337 | D:4      | Noticed a phantom
  3360 | D:4      | Killed a phantom
  3360 | D:4      | Reached skill level 7 in Polearms
  3360 | D:4      | Reached skill level 5 in Dodging
  3360 | D:4      | Reached XP level 6. HP: 42/46 MP: 6/6
  3434 | D:4      | Found a shattered altar of Ashenzari.
  3516 | D:4      | Found a sand-covered staircase.
  3536 | Ossuary  | Entered an ossuary
  3714 | Ossuary  | Reached skill level 8 in Polearms
  3952 | Ossuary  | Reached XP level 7. HP: 52/52 MP: 7/7
  4704 | D:4      | Found a sacrificial altar of Ru.
  4754 | D:5      | Entered Level 5 of the Dungeon
  4797 | D:5      | Reached skill level 9 in Polearms
  5129 | D:5      | Reached XP level 8. HP: 44/60 MP: 8/8
  5233 | D:5      | Noticed Blork the orc
  5248 | D:5      | Killed Blork the orc
  5248 | D:5      | Reached skill level 10 in Polearms
  6157 | D:6      | Gained mutation: Your body sometimes deteriorates upon taking damage. [potion of mutation]
  6157 | D:6      | Gained mutation: You are clumsy. (Dex -2) [potion of mutation]
  6157 | D:6      | Gained mutation: Your muscles are strong. (Str +2) [potion of mutation]
  6174 | D:6      | Reached skill level 11 in Polearms
  6262 | D:6      | Noticed IcyTea's ghost (novice OgHu)
  6354 | D:6      | Reached skill level 5 in Fighting
  6435 | D:6      | Found a bloodstained altar of Trog.
  6438 | D:6      | Found a radiant altar of Vehumet.
  6439 | D:6      | Found a basalt altar of Yredelemnul.
  6440 | D:6      | Found a snail-covered altar of Cheibriados.
  6441 | D:6      | Found a sparkling altar of Nemelex Xobeh.
  6442 | D:6      | Found a staircase to the Ecumenical Temple.
  6462 | Temple   | Entered the Ecumenical Temple
  6476 | Temple   | Became a worshipper of Warmaster Okawaru
  6558 | D:6      | Reached XP level 9. HP: 68/68 MP: 9/9
  6791 | D:6      | Noticed a hill giant
  6844 | D:6      | Slain by a hill giant

Skill      XL: |  1  2  3  4  5  6  7  8 |
---------------+-------------------------+-----
Polearms       | 5 6 7 8 9 11 | 11.2
Stealth        | 1 2 3 4 |  4.2
Armour         | 1 2 |  2.6
Dodging        | 5 6 |  6.8
Fighting       | 3 4 5 |  5.0
Throwing       | |  2.4
Evocations     | |  0.6

Action                   |  1- 3 |  4- 6 |  7- 9 || total
-------------------------+-------+-------+-------++-------
Melee: Trident           |   113 |   252 |   368 ||   733
       Tailslap          |       |     1 |     5 ||     6
Throw: Throwing net      |       |     5 |     3 ||     8
Evoke: Wand              |       |     2 |     7 ||     9
  Use: Potion            |       |     1 |     6 ||     7
       Scroll            |       |     6 |     6 ||    12
 Stab: Sleeping          |     2 |     5 |     6 ||    13
       Held in net/web   |       |     3 |     3 ||     6
       Distracted        |       |       |     1 ||     1
       Invisible         |       |       |     1 ||     1
  Eat: Chunk             |     3 |     5 |    10 ||    18
       Fruit             |       |     1 |     1 ||     2
Armor: Leather armour    |    15 |    28 |    40 ||    83
       Skin              |       |    18 |       ||    18
Dodge: Dodged            |    88 |   118 |   170 ||   376
